 Dungeon Crawl Stone Soup version 0.22.1-1-ga44c0e56f4 (webtiles) character file.

108 vege00 the Skirmisher (level 4, -3/40 HPs)
             Began as a Draconian Fighter on Nov 2, 2018.
             Killed from afar by an orc wizard (8 damage)
             ... with a puff of frost
             ... on level 3 of the Dungeon on Nov 5, 2018.
             The game lasted 00:24:46 (2424 turns).

vege00 the Skirmisher (Draconian Fighter)           Turns: 2424, Time: 00:24:53

Health: -3/40      AC:  6    Str: 17 (19) XL:     4   Next: 58%
Magic:  4/4        EV: 16    Int:  7 (8)  God:
Gold:   134        SH:  9    Dex: 16      Spells: 3/3 levels left

rFire    . . .     SeeInvis .   a - +1 long sword
rCold    . . .     Gourm    .   b - +0 shield
rNeg     . . .     Faith    .   (armour unavailable)
rPois    +         Spirit   .   (helmet restricted)
rElec    .         Reflect  .   (no cloak)
rCorr    .         Harm     .   l - +0 pair of gloves
MR       .....                  (no boots)
Stlth    +++.......             j - amulet of regeneration
HPRegen  0.53/turn              m - ring of poison resistance
MPRegen  0.09/turn              (no ring)

@: agile
A: unfitting armour, cold-blooded, AC +5
a: no special abilities


You were on level 3 of the Dungeon.
You were not hungry.

You visited 1 branch of the dungeon, and saw 3 of its levels.

You collected 134 gold pieces.

Inventory:

Hand Weapons
 a - a +1 long sword (weapon)
 g - a +0 hunting sling
 k - a +0 short sword
Missiles
 d - 11 bolts
 o - 64 stones (quivered)
Armour
 b - a +0 shield (worn)
 l - a +0 pair of gloves (worn)
Jewellery
 j - an amulet of regeneration (around neck)
 m - a ring of poison resistance (left hand)
Scrolls
 e - 3 scrolls of remove curse
 i - 2 scrolls of magic mapping
 p - a scroll of fog {unknown}
 q - a scroll of identify
Potions
 n - 2 potions of magic
Comestibles
 f - 3 rations


   Skills:
 * Level 3.8 Fighting
 * Level 3.2 Long Blades
 + Level 3.2 Dodging
 + Level 0.3 Stealth
 + Level 3.7 Shields


You had 3 spell levels left.
You didn't know any spells.
Your spell library was empty.

Dungeon Overview and Level Annotations

Branches:
Dungeon (3/15)

Altars:


Innate Abilities, Weirdness & Mutations

Your plain brown scales are hard. (AC +5)
You cannot fit into any form of body armour.
You are cold-blooded and may be slowed by cold attacks.


Message History

The orc wizard hits you but does no damage.
The orc wizard casts a spell at you. The puff of frost hits you!
* * * LOW HITPOINT WARNING * * *
The orc barely misses you. The orc wizard casts a spell at you.
The puff of flame hits you!
* * * LOW HITPOINT WARNING * * *
You closely miss the orc wizard.
The orc wizard is severely wounded.
The orc wizard casts a spell at you. You block the puff of frost.
The orc wizard misses you. The orc closely misses you.
You hit the orc wizard.
You kill the orc wizard!
You feel your intelligence returning.
You feel your dexterity returning.
Your Long Blades skill increases to level 3!
The orc wizard casts a spell at you. The puff of frost hits you!
You die...

........#### ####
...).......#
.......o##.#######
..........o.......
........##.#######
##########{#
######### #.#
#?......# #.#
#..o....# #.#
#.@)o...# #o#
#..o..).# #.#
#.......#
#.####.......#
#.......†....#
######.####### #.#
#.# #?#


You could see an orc wizard and 2 orcs.

Vanquished Creatures
  An orc wizard (D:3)
  A hound skeleton (D:2)
  2 adders
  A dart slug (D:1)
  2 orcs (D:3)
  A giant cockroach (D:1)
  4 goblins
  7 hobgoblins
  4 jackals (D:2)
  2 quokkas
  8 bats
  A frilled lizard (D:2)
  5 kobolds (D:1)
  3 rats
42 creatures vanquished.

Notes
Turn   | Place    | Note
-------+----------+-------------------------------------------
     0 | D:1      | vege00 the Draconian Fighter began the quest for the Orb.
     0 | D:1      | Reached XP level 1. HP: 19/19 MP: 1/1
   170 | D:1      | Reached XP level 2. HP: 20/26 MP: 2/2
  1022 | D:2      | Reached XP level 3. HP: 28/31 MP: 3/3
  2362 | D:3      | Reached XP level 4. HP: 40/40 MP: 4/4
  2424 | D:3      | Killed from afar by an orc wizard

Skill      XL: |  1  2  3  4 |
---------------+-------------+-----
Dodging        | 3 |  3.2
Long Blades    | 3 |  3.2
Fighting       | |  3.8
Stealth        | |  0.3
Shields        | |  3.7

Action                   |  1- 3 |  4- 6 || total
-------------------------+-------+-------++-------
Melee: Long sword        |   105 |     9 ||   114
       Tailslap          |     5 |       ||     5
  Use: Potion            |     4 |     2 ||     6
       Scroll            |     6 |       ||     6
  Eat: Ration            |     2 |       ||     2
Armor: Skin              |    75 |    10 ||    85
Dodge: Dodged            |    94 |    22 ||   116
Block: Shield            |   101 |    12 ||   113
       Rpst.: Long sword |    31 |     5 ||    36
